 Dungeon Sprint DCSS version 0.30-a0-953-g5f1da4a474 (webtiles) character file.

Game seed: 13636718473968904767

5209 dialectric the Ninja (level 10, -1/53 HPs)
             Began as a Spriggan Brigand on Mar 28, 2023.
             Was an Initiate of Trog.
             Shot with a bolt by a yaktaur captain (20 damage)
             ... in the Dungeon (Sprint II: "The Violet Keep of Menkaure").
             The game lasted 00:04:02 (480 turns).

dialectric the Ninja (Spriggan Brigand)              Turns: 480, Time: 00:04:02

Health: -1/53      AC:  3    Str: 11    XL:     10   Next: 35%
Magic:  11/11      EV: 29    Int: 14    God:    Trog [......]
Gold:   589        SH:  0    Dex: 28    Spells: 9/9 levels left

rFire   + . .      SeeInvis +    a - +2 dagger
rCold   x . .      Faith    .    (no shield)
rNeg    . . .      Spirit   .    b - +0 robe
rPois   .          Reflect  .    (helmet restricted)
rElec   .          Rampage  .    c - +0 cloak
rCorr   .          NoTele   +    (gloves unavailable)
Will    +....                    (boots unavailable)
Stlth   ++++++++++               (no amulet)
HPRegen 0.28/turn                p - +5 ring of evasion
MPRegen 0.12/turn                B - ring "Ada Etan" {Fire Str+4 Dex+8}

@: flying, very quick
A: very small, no large weapons, unfitting armour, see invisible, speed 3
a: Renounce Religion


You were in the Dungeon.
You worshipped Trog.
Trog was noncommittal.
You visited 1 branch You collected 1414 gold pieces.
You spent 825 gold pieces at shops.

Inventory:

Hand Weapons
 a - a +2 dagger (weapon)
Missiles
 d - 11 poisoned darts
 e - 2 curare-tipped darts (quivered)
 m - 6 atropa-tipped darts
Armour
 b - a +0 robe (worn)
 c - a +0 cloak (worn)
 l - the +2 robe of Payngak {rC+ Int+2 Dex+2 Slay-4}
   (You bought it in a shop in the Dungeon)

   Int:       It affects your intelligence (+2).
   Dex:       It affects your dexterity (+2).
   Slay:      It affects your accuracy & damage with ranged weapons and melee
   (-4).
   rC:        It protects you from cold.
Jewellery
 p - a +5 ring of evasion (left hand)
 z - a ring of protection from fire
 B - the ring "Ada Etan" (right hand) {Fire Str+4 Dex+8}
   (You bought it in a shop in the Dungeon)

   [ring of fire]

   It enhances your fire magic.
   Str:       It affects your strength (+4).
   Dex:       It affects your dexterity (+8).
   rF:        It protects you from fire.
   rC:        It makes you vulnerable to cold.
Scrolls
 k - a scroll of blinking
 o - 2 scrolls of identify {unknown}
 q - 2 scrolls of magic mapping {unknown}
 r - a scroll of silence {unknown}
 s - a scroll of enchant armour {unknown}
 t - 3 scrolls of brand weapon {unknown}
 w - a scroll of immolation {unknown}
 x - a scroll of amnesia {unknown}
 y - a scroll of poison {unknown}
Potions
 f - 6 potions of curing
 g - 3 potions of heal wounds
 h - a potion of haste
 i - 5 potions of magic
 j - 2 potions of attraction
 n - a potion of flight
 u - 2 potions of berserk rage
 v - 3 potions of resistance {unknown}
 A - a potion of brilliance {unknown}


   Skills:
 + Level 6.6 Fighting
 + Level 15.1 Short Blades
 - Level 3.0 Throwing
 + Level 6.3 Dodging
 O Level 27 Stealth


You had 9 spell levels left.
You didn't know any spells.
Your spell library was empty.

Dungeon Overview and Level Annotations

Branches:
Dungeon (1/1)

Altars:
Cheibriados
Dithmenos
Elyvilon
Fedhas
Gozag
Hepliaklqana
Kikubaaqudgha
Makhleb
Nemelex Xobeh
Okawaru
Qazlal
Ru
Sif Muna
Trog
Uskayaw
Vehumet
Wu Jian
Xom
Yredelemnul
Zin
The Shining One
Jiyva
Lugonu

Shops:
D [(:?=(:[[=!!([=

Annotations:
D exclusions: ice statue and oklob plant, Kirke, Roxanne


Innate Abilities, Weirdness & Mutations

You are very small and have problems with some larger weapons.
You are too small for most types of armour.
You have supernaturally acute eyesight. (SInv)
You cover ground extremely quickly. (Speed+++)


Message History

There is an entrance to Buhauduw's Jewellery Shoppe here.
There is an entrance to Gebbitagh's Book Emporium here.
There is an entrance to Sixoire's Antique Armour Shoppe here.
l - the +2 robe of Payngak {rC+ Int+2 Dex+2 Slay-4} Thank you for shopping at Sixoire's Antique Armour Shoppe!
Okay, then.
There is an entrance to Matz's Weapon Shoppe here.
There is an entrance to Jaesio's Jewellery Shoppe here.
B - the ring "Ada Etan" {Fire Str+4 Dex+8} Thank you for shopping at Jaesio's Jewellery Shoppe!
You feel more attuned to fire.
You feel stronger.
You feel agile.
B - the ring "Ada Etan" (right hand) {Fire Str+4 Dex+8} Unknown command.
Found a scale mail.
There is an entrance to Jiggogh's Antique Weapon Shoppe here.
There is an entrance to Seriac's Antique Armour Emporium here.
There is an entrance to Quyfoefa's Magic Scroll Emporium here.
There is an entrance to Matz's Weapon Shoppe here.
You see here a ring of fire.
There is an entrance to Baohenn's Jewellery Emporium here.
There is an open door here.
You enter the shallow water.
Moving in this stuff is going to be slow.
A centaur warrior, Kirke and a yaktaur captain come into view.
You see here a water moccasin skeleton.
Unknown command.
You feel very buoyant.
You fly up into the air.
Okay, then.
An elephant and a kobold demonologist come into view.
The elephant trumpets!
The yaktaur captain shouts!
The yaktaur captain wields a +0 arbalest.
The yaktaur captain shoots a bolt.
The bolt hits you!!
Ouch! That really hurt!
The kobold demonologist shouts!
You hear a shout!
A skeletal warrior comes into view. It is wielding a +0 hand axe.
The yaktaur captain shoots a bolt.
The bolt hits you!!
You die...

+#### .......## .○°....## ##
..8.°...##++## .zK####
.°....##≈.^.## @c.~## °.°.
e≈^....
############~~#+++#+++#####....
###########~~~@........#..'....
##........#~~~~÷##'##..#..####.
##....⌠...#~~~~###.###.####..'.
##...∩.∩..#~~~~#..#..# ...#..#.
##....∩.∩.#~~####.#.####..#####
##.∩.∩.∩.∩#~##.###'###.##..#..†
##∩.∩...∩.#~###.##.##.).#..#..#
##.∩....=∩'~'.##'.<.'.#.'..####
##∩.......#~#...##.##...#..§.##


You could see Kirke, a yaktaur captain, a skeletal warrior and a kobold
demonologist.

Vanquished Creatures
  2 hell hogs (D)
  3 shining eyes (D)
  A merfolk siren (D)
  A yaktaur (D)
  3 polar bears (D)
  A hornet (D)
  3 slime creatures (D)
  4 neqoxecs (D)
  2 water moccasins (D)
  5 scorpions (D)
  3 worms (D)
28 creatures vanquished.

Vanquished Creatures (others)
  Menkaure (D)
  4 tentacles (D)
5 creatures vanquished.

Grand Total: 33 creatures vanquished

Notes
Turn   | Place    | Note
-------+----------+-------------------------------------------
     0 | D        | dialectric the Spriggan Brigand began the quest for the
                  | Orb.
     0 | D        | Reached XP level 1. HP: 10/10 MP: 2/2
     5 | D        | Reached skill level 7 in Stealth
     9 | D        | Reached skill level 8 in Stealth
     9 | D        | Reached XP level 2. HP: 15/15 MP: 3/3
    17 | D        | Noticed a scorpion
    17 | D        | Noticed a scorpion
    17 | D        | Noticed a scorpion
    17 | D        | Noticed a scorpion
    20 | D        | Killed a scorpion
    21 | D        | Reached skill level 11 in Stealth
    21 | D        | Reached XP level 3. HP: 19/19 MP: 4/4
    21 | D        | Reached XP level 4. HP: 23/23 MP: 5/5
    24 | D        | Killed a scorpion
    25 | D        | Reached skill level 13 in Stealth
    25 | D        | Killed a scorpion
    26 | D        | Reached skill level 15 in Stealth
    26 | D        | Reached XP level 5. HP: 28/28 MP: 6/6
    29 | D        | Reached skill level 16 in Stealth
    30 | D        | Noticed an ice statue
    32 | D        | Noticed a water moccasin
    33 | D        | Found Bump's Armour Shoppe.
    33 | D        | Found Baohenn's Jewellery Emporium.
    34 | D        | Killed a water moccasin
    35 | D        | Reached skill level 5 in Short Blades
    35 | D        | Reached skill level 18 in Stealth
    35 | D        | Reached XP level 6. HP: 32/32 MP: 7/7
    45 | D        | Noticed a merfolk siren
    53 | D        | Killed a merfolk siren
    54 | D        | Reached skill level 20 in Stealth
    54 | D        | Reached XP level 7. HP: 33/37 MP: 8/8
    65 | D        | Noticed a neqoxec
    65 | D        | Noticed a neqoxec
    65 | D        | Noticed a neqoxec
    65 | D        | Noticed a neqoxec
    67 | D        | Killed a neqoxec
    68 | D        | Reached skill level 21 in Stealth
    69 | D        | Killed a neqoxec
    70 | D        | Reached skill level 22 in Stealth
    71 | D        | Killed a neqoxec
    72 | D        | Reached XP level 8. HP: 41/42 MP: 9/9
    74 | D        | Reached skill level 23 in Stealth
    83 | D        | Noticed Menkaure
    87 | D        | Found a hazy altar of Hepliaklqana.
    87 | D        | Found a snail-covered altar of Cheibriados.
    88 | D        | Found a stormy altar of Qazlal.
    88 | D        | Found a viscous altar of Jiyva.
    88 | D        | Found a shadowy altar of Dithmenos.
    90 | D        | Killed Menkaure
    91 | D        | Found a sacrificial altar of Ru.
    91 | D        | Found an ancient bone altar of Kikubaaqudgha.
    91 | D        | Found a white marble altar of Elyvilon.
    92 | D        | Found a shimmering blue altar of Sif Muna.
    92 | D        | Found a corrupted altar of Lugonu.
    93 | D        | Found an ornate altar of the Wu Jian Council.
    94 | D        | Found a shimmering altar of Xom.
    94 | D        | Found a bloodstained altar of Trog.
    94 | D        | Found a burning altar of Makhleb.
    95 | D        | Found a glowing golden altar of the Shining One.
    95 | D        | Found a basalt altar of Yredelemnul.
    95 | D        | Found a hide-covered altar of Uskayaw.
    98 | D        | Noticed a slime creature
    98 | D        | Noticed a slime creature
    99 | D        | Noticed a slime creature
   100 | D        | Killed a slime creature
   102 | D        | Killed a slime creature
   103 | D        | Reached skill level 24 in Stealth
   103 | D        | Killed a slime creature
   124 | D        | Noticed a shining eye
   124 | D        | Noticed a shining eye
   125 | D        | Noticed a shining eye
   126 | D        | Killed a shining eye
   127 | D        | Reached skill level 25 in Stealth
   127 | D        | Reached XP level 9. HP: 32/46 MP: 10/10
   127 | D        | Killed a shining eye
   128 | D        | Reached skill level 5 in Fighting
   128 | D        | Reached skill level 10 in Short Blades
   128 | D        | Reached skill level 26 in Stealth
   129 | D        | Killed a shining eye
   130 | D        | Reached skill level 5 in Dodging
   130 | D        | Reached skill level 27 in Stealth
   135 | D        | Noticed a deep elf master archer
   138 | D        | Noticed a hell hog
   138 | D        | Noticed a hell hog
   140 | D        | Killed a hell hog
   142 | D        | Killed a hell hog
   143 | D        | Reached XP level 10. HP: 42/53 MP: 11/11
   158 | D        | Found a glowing silver altar of Zin.
   168 | D        | Reached skill level 15 in Short Blades
   174 | D        | Found a radiant altar of Vehumet.
   176 | D        | Found a blossoming altar of Fedhas.
   176 | D        | Found a sparkling altar of Nemelex Xobeh.
   177 | D        | Found an opulent altar of Gozag.
   177 | D        | Found an iron altar of Okawaru.
   183 | D        | Became a worshipper of Trog the Wrathful
   196 | D        | Noticed a kraken
   215 | D        | Found the +11 Singing Sword {sonic wave}
   337 | D        | Identified Roxanne's Incunable of Earth
   337 | D        | Noticed Roxanne
   341 | D        | Found Hyilud's Antique Weapon Shoppe.
   342 | D        | Found Vonae's Distillery.
   343 | D        | Found Gul Jatoguitz's Armour Shoppe.
   346 | D        | Found Sixoire's Antique Armour Shoppe.
   346 | D        | Found Buhauduw's Jewellery Shoppe.
   346 | D        | Found Gebbitagh's Book Emporium.
   347 | D        | Found Ekeugg's Distillery.
   348 | D        | Found Matz's Weapon Shoppe.
   352 | D        | Noticed a great orb of eyes
   357 | D        | Found Jaesio's Jewellery Shoppe.
   357 | D        | Found Quyfoefa's Magic Scroll Emporium.
   357 | D        | Noticed an oklob plant
   358 | D        | Found Jiggogh's Antique Weapon Shoppe.
   358 | D        | Found Seriac's Antique Armour Emporium.
   358 | D        | Found Toised's Book Shoppe.
   450 | D        | Bought 2 potions of curing for 60 gold pieces
   455 | D        | Noticed a death yak
   457 | D        | Bought a fabulously ornate robe for 136 gold pieces
   457 | D        | Identified the +2 robe of Payngak {rC+ Int+2 Dex+2 Slay-4}
                  | (You bought it in a shop in the Dungeon)
   459 | D        | Bought the ring "Ada Etan" {Fire Str+4 Dex+8} for 629 gold
                  | pieces
   476 | D        | Noticed a centaur warrior
   476 | D        | Noticed Kirke
   476 | D        | Noticed a yaktaur captain
   478 | D        | Noticed an elephant
   479 | D        | Noticed a skeletal warrior
   480 | D        | Shot with a bolt by a yaktaur captain

Illustrated notes

Levels and vault maps discovered:
D:        the_violet_keep_of_menkaure [sprint2_stairs_cluster_1,
          sprint2_shoproom, sprint2_temple, sprint2_basic_supplies,
          sprint2_obstacle_6, sprint2_obstacle_5, sprint2_obstacle_2,
          sprint2_obstacle_7, sprint2_obstacle_1, sprint2_timed_cluster_1,
          sprint2_smallroom_cluster_1, sprint2_smallroom_final_cluster_1,
          sprint2_transparent_cluster_1, sprint2_second_timed_cluster_1,
          sprint2_sniper_area_1, sprint2_heavy_combat_area_1,
          sprint2_mutation_trap_area_1, sprint2_forest_area_1,
          sprint2_light_combat_area_1, sprint2_behind_water_1,
          sprint2_near_end_vault_1]

Skill      XL: |  1  2  3  4  5  6  7  8  9 10 |
---------------+-------------------------------+-----
Stealth        | 8 11 15 18 20 22 25 27 | 27.0
Fighting       | 2 3 4 6 |  6.6
Short Blades   | 3 4 5 6 7 9 13 15 | 15.1
Throwing       | 3 |  3.0
Dodging        | 2 3 4 5 6 |  6.3

Action                     |  1- 3 |  4- 6 |  7- 9 | 10-12 || total
---------------------------+-------+-------+-------+-------++-------
  Melee: Dagger            |     3 |     7 |    19 |     6 ||    35
  Throw: Dart              |     2 |     3 |     3 |       ||     8
    Use: Potion            |       |       |     1 |     3 ||     4
   Stab: Sleeping          |     3 |     4 |    12 |     6 ||    25
  Dodge: Dodged            |       |       |     4 |     1 ||     5

Table legend: (Time is in decaauts)
 A = Elapsed time spent in this place.
 B = Non-inter-level travel time spent in this place.
 C = Inter-level travel time spent in this place.
 D = Time resting spent in this place.
 E = Time spent auto-exploring this place.
 F = Levels seen in this place.
 G = Mean time per level.
                   A        B        C        D        E       F      G
               +--------+--------+--------+--------+--------+-----+--------+
         Total |    377 |    377 |      0 |      0 |    102 |   1 |  377.0 |
       Dungeon |    377 |    377 |      0 |      0 |    102 |   1 |  377.0 |
               +--------+--------+--------+--------+--------+-----+--------+

Top non-repeatable levels by time:
       D: 377 daAuts
